 Dungeon Crawl Stone Soup version 0.25.1-2-g60ff931df9 (webtiles) character file.

Game seed: 14898899874192428679

2426 BledDest the Frost Mage (level 9, -37/71 HPs)
             Began as a Demigod Ice Elementalist on July 29, 2020.
             Killed from afar by an orc warrior (38 damage)
             ... with an exploding inner flame
             ... hexed by the player character
             ... on level 8 of the Dungeon on July 30, 2020.
             The game lasted 00:20:58 (11293 turns).

BledDest the Frost Mage (Demigod Ice Elementalist) Turns: 11293, Time: 00:20:59

Health: -37/71     AC:  7    Str: 11      XL:     9   Next: 4%
Magic:  17/19      EV:  8    Int: 23      God:
Gold:   419        SH:  0    Dex: 20 (21) Spells: 6/16 levels left

rFire    . . .     SeeInvis .   H - +4 quarterstaff (chaos)
rCold    . . .     Gourm    .   (shield currently unavailable)
rNeg     . . .     Faith    .   a - +0 robe
rPois    .         Spirit   .   (no helmet)
rElec    .         Reflect  .   I - +1 cloak
rCorr    .         Harm     .   K - +1 pair of gloves {Dex+3}
MR       .....                  t - +0 pair of boots
Stlth    +++.......             (no amulet)
HPRegen  0.21/turn              r - ring of flight
MPRegen  0.16/turn              g - ring of stealth

@: about to teleport, frozen ramparts, held
A: high mp 1
a: Evoke Flight


You were on level 8 of the Dungeon.
You were not hungry.

You visited 1 branch of the dungeon, and saw 8 of its levels.

You collected 419 gold pieces.

Inventory:

Hand Weapons
 m - a +2 dagger of speed
 A - a +3 spear
 E - a +2 mace of venom
 G - a +2 morningstar of freezing
 H - a +4 quarterstaff of chaos (weapon)
Missiles
 u - 4 silver javelins (quivered)
Armour
 a - a +0 robe (worn)
 t - a +0 pair of boots (worn)
 C - a +0 buckler
 I - a +1 cloak (worn)
 K - a +1 pair of gloves of dexterity (worn)
Jewellery
 g - a ring of stealth (right hand)
 r - a ring of flight (left hand)
Wands
 B - a wand of flame (36)
Scrolls
 b - 3 scrolls of blinking {unknown}
 d - 4 scrolls of remove curse
 j - 5 scrolls of teleportation
 k - a scroll of amnesia {unknown}
 l - a scroll of enchant armour {unknown}
 n - a scroll of magic mapping {unknown}
 v - a scroll of immolation
 y - 2 scrolls of fog {unknown}
 F - 2 scrolls of enchant weapon
Potions
 e - 3 potions of might
 i - a potion of ambrosia
 o - 3 potions of curing
 p - a potion of invisibility {unknown}
 q - a potion of cancellation {unknown}
 s - a potion of brilliance {unknown}
 w - 3 potions of stabbing
 x - 2 potions of haste
 z - a potion of mutation {unknown}
 D - a potion of lignification {unknown}
Comestibles
 c - 19 rations
 h - a chunk of flesh


   Skills:
 + Level 4.2 Fighting
 + Level 4.7 Dodging
 - Level 1.7 Stealth
 + Level 4.3 Spellcasting
 + Level 9.2 Ice Magic


You had 6 spell levels left.
You knew the following spells:

 Your Spells              Type           Power        Failure   Level  Hunger
a - Freeze                Ice            ####         1%          1    None
b - Frozen Ramparts       Ice            #####.       1%          3    ##.....
c - Hailstorm             Conj/Ice       ####....     16%         4    ####...
d - Animate Skeleton      Necr           N/A          10%         1    None
e - Magic Dart            Conj           #...         10%         1    None

Your spell library contained the following spells:

 Spells                   Type           Power        Failure   Level  Hunger
 Ozocubu's Armour         Chrm/Ice       ####....     4%          3    ##.....
 Pain                     Necr           #...         10%         1    None
 Blink                    Tloc           N/A          16%         2    None
 Call Imp                 Summ           #.......     16%         2    None
 Slow                     Hex            #.......     16%         2    None
 Summon Ice Beast         Ice/Summ       ####....     16%         4    ####...
 Conjure Flame            Conj/Fire      #.......     30%         3    ##.....
 Mephitic Cloud           Conj/Pois/Air  #.......     30%         3    ##.....
 Vampiric Draining        Necr           #.........   30%         3    ##.....
 Animate Dead             Necr           N/A          69%         4    ####...
 Agony                    Necr           #.......     95%         5    #####..


Dungeon Overview and Level Annotations

Branches:
Dungeon (8/15)             Temple (0/1) D:7
   Lair: D:8-11

Annotations:
D:8 Harold


Innate Abilities, Weirdness & Mutations

You have an increased reservoir of magic. (+10% MP)


Message History

The orc hits you but does no damage.
The wall freezes the orc warrior!
The orc warrior closely misses you.
The orc wizard points at you and mumbles some strange words.
The magic dart hits you.
* * * LOW HITPOINT WARNING * * *
As you read the scroll labeled FIAREUHUY, it crumbles to dust.
The creatures around you are filled with an inner flame!
It was a scroll of immolation.
Harold hits you with a +0 battleaxe!
* * * LOW HITPOINT WARNING * * *
The orc wizard hits you but does no damage.
The hound skeleton resists.
The wall freezes the hound skeleton.
Flame seeps out of the hound skeleton.
The orc hits you but does no damage.
The wall freezes the adder.
Flame seeps out of the adder.
The wall freezes the orc warrior!
The orc warrior explodes!
The fiery explosion engulfs Harold!!
Flame seeps out of Harold.
Harold is moderately wounded.
The fiery explosion engulfs you!!!
Ouch! That really hurt!
You die...

####.###### #. .
#......# o.# #.#.
######.# ..# .... #.#
...# ..#. #.#### ...# .
.. #.>..######...#..
..######.###............
..#. .........#
#..o@o§..!>.. ....
..######.###...@§S......
..#. ##...####s○.....#
##.## #Z#...#.. #.
#.....# #.#...# ##
#.##### #.# ..# # #.#
..# #.. .. ### ###


You could see Harold (inner flame), a scorpion (inner flame), an orc wizard
(fast, inner flame), an adder (inner flame), an orc (inner flame) and a hound
skeleton (inner flame).

Vanquished Creatures
  3 orc warriors
  2 ice beasts
  4 ogres
  A gnoll sergeant (D:5)
  7 wights
  3 howler monkeys (D:7)
  2 crimson imps
  A quasit (D:8)
  3 jellies
  3 orc priests
  Crazy Yiuf (D:6)
  A centaur skeleton (D:7)
  2 hounds
  3 worker ants
  4 iguanas
  8 orc wizards
  A hound skeleton (D:7)
  A worker ant zombie (D:7)
  5 gnolls (D:5)
  7 adders
  2 shadow imps (D:6)
  2 oozes
  2 adder skeletons
  An adder zombie (D:5)
  5 worms
  A dart slug (D:1)
  4 leopard geckos
  37 orcs
  2 ball pythons
  4 bats (D:2)
  7 giant cockroaches
  10 goblins
  9 hobgoblins
  5 jackals
  11 quokkas
  9 frilled lizards
  8 kobolds
  2 quokka skeletons
  2 quokka zombies
  A rat (D:3)
186 creatures vanquished.

Notes
Turn   | Place    | Note
-------+----------+-------------------------------------------
     0 | D:1      | BledDest the Demigod Ice Elementalist began the quest for
                  | the Orb.
     0 | D:1      | Reached XP level 1. HP: 14/14 MP: 5/5
   458 | D:1      | Reached skill level 4 in Ice Magic
   601 | D:1      | Reached XP level 2. HP: 20/20 MP: 4/7
  1264 | D:2      | Reached XP level 3. HP: 26/26 MP: 8/8
  1446 | D:2      | Learned a level 3 spell: Frozen Ramparts
  1744 | D:2      | Reached skill level 5 in Ice Magic
  2139 | D:2      | Found an iron altar of Okawaru.
  2531 | D:3      | Reached XP level 4. HP: 31/33 MP: 6/9
  2984 | D:3      | Reached skill level 6 in Ice Magic
  2984 | D:3      | Reached XP level 5. HP: 14/38 MP: 1/10
  4469 | D:4      | Found a sparkling altar of Nemelex Xobeh.
  4561 | D:5      | Entered Level 5 of the Dungeon
  4776 | D:5      | Reached XP level 6. HP: 40/45 MP: 7/11
  4777 | D:5      | Reached skill level 7 in Ice Magic
  5475 | D:6      | Reached skill level 8 in Ice Magic
  5683 | D:6      | Reached XP level 7. HP: 31/50 MP: 12/12
  5808 | D:6      | Learned a level 4 spell: Hailstorm
  6123 | D:6      | Found a runed translucent door.
  6124 | D:6      | Noticed Crazy Yiuf
  6169 | D:6      | Reached skill level 1 in Fighting
  6866 | D:6      | Learned a level 1 spell: Animate Skeleton
  8108 | D:6      | Reached XP level 8. HP: 62/62 MP: 11/15
  8546 | D:6      | Killed Crazy Yiuf
  9457 | D:7      | Reached skill level 9 in Ice Magic
  9493 | D:7      | Found a staircase to the Ecumenical Temple.
  9576 | D:7      | Learned a level 1 spell: Magic Dart
 11047 | D:8      | Reached XP level 9. HP: 29/71 MP: 15/19
 11278 | D:8      | Noticed Harold
 11293 | D:8      | HP: 1/71 [Harold/+0 battleaxe (10)]
 11293 | D:8      | Killed from afar by an orc warrior

Illustrated notes

Levels and vault maps discovered:
D:1:      mrwooster_arrival_statue, layout_basic, corexii_leaking_fountain
D:2:      layout_basic, lemuel_coloured_pillars_altar
D:3:      cheibrodos_pilgrimage, layout_basic
D:4:      layout_rooms, abandoned_shop, nrook_campfire,
          nemelex_lonely_heart_becter
D:5:      layout_layer_cave, first_ration
D:6:      layout_basic, minmay_divided_ellipse, uniq_crazy_yiuf_cottage
D:7:      layout_basic, minmay_temple_entry_offerings
D:8:      layout_loops_cross, grunt_pizzeria, uniq_harold

Skill      XL: |  1  2  3  4  5  6  7  8 |
---------------+-------------------------+-----
Ice Magic      | 4 5 6 8 9 |  9.2
Dodging        | 3 4 |  4.7
Spellcasting   | 3 4 |  4.3
Fighting       | 2 4 |  4.2
Stealth        | |  1.7

Action                   |  1- 3 |  4- 6 |  7- 9 || total
-------------------------+-------+-------+-------++-------
Melee: Unarmed           |     6 |       |       ||     6
       Spear             |    21 |       |       ||    21
       Dagger            |   101 |   107 |       ||   208
       Mace              |       |    15 |    81 ||    96
       Quarterstaff      |       |       |    75 ||    75
 Cast: Freeze            |    30 |    37 |    12 ||    79
       Frozen Ramparts   |       |    12 |    25 ||    37
  Use: Scroll            |       |     7 |     6 ||    13
       Potion            |       |       |     1 ||     1
 Stab: Sleeping          |     5 |    10 |    10 ||    25
       Distracted        |       |       |     1 ||     1
  Eat: Chunk             |     5 |    12 |    16 ||    33
       Ration            |       |       |     1 ||     1
Armor: Robe              |    21 |     7 |    48 ||    76
Dodge: Dodged            |    62 |    70 |   118 ||   250
